[Event "WJCC U20 Open 2019"]
[Site "New Delhi"]
[Date "2019.10.22"]
[Round "8.16"]
[White "Bharath Subramaniyam H"]
[Black "Nigmatov, Ortik"]
[Result "0-1"]
[ECO "B38"]
[WhiteElo "2417"]
[BlackElo "2494"]
[Annotator "RC"]
[PlyCount "68"]
[EventDate "2019.10.15"]
[EventType "swiss"]
[EventCountry "IND"]
[SourceTitle "playchess.com"]
[Source "ChessBase"]
[SourceQuality "1"]
[TimeControl "40/5400+30:1800+30"]

1. e4 c5 2. Nf3 Nc6 3. d4 cxd4 4. Nxd4 g6 5. c4 Bg7 6. Be3 Nf6 7. Nc3 d6 8. Be2 O-O 9. O-O Bd7 10. Qd2 Nxd4 11. Bxd4 Bc6 12. f3 Nd7 13. Be3 a5 14. b3 Nc5 15. Rab1 e6 16. Rfd1 Be5 17. Nb5 Qh4 18. g3 Bxg3 19. hxg3 Qxg3+ 20. Kf1 Nxe4 21. Qd3 f5 22. Nd4 Bd7 23. f4 e5 24. Nf3 Bc6 25. c5 g5 26. cxd6 g4 27. Ne1 Qh3+ 28. Kg1 Ng3 29. Qc4+ Kg7 30. Bb6 exf4 31. Bd4+ Kg6 32. Bf1 Nxf1 33. Qe6+ Kh5 34. d7 Ng3 0-1

[Event "WJCC U20 Open 2019"]
[Site "New Delhi"]
[Date "2019.10.22"]
[Round "8.28"]
[White "Saurabh Anand"]
[Black "Parkhov, Yair"]
[Result "1/2-1/2"]
[ECO "B92"]
[WhiteElo "2236"]
[BlackElo "2350"]
[Annotator "RC"]
[PlyCount "63"]
[EventDate "2019.10.15"]
[EventType "swiss"]
[EventCountry "IND"]
[SourceTitle "playchess.com"]
[Source "ChessBase"]
[SourceQuality "1"]
[TimeControl "40/5400+30:1800+30"]

1. e4 c5 2. Nf3 d6 3. d4 cxd4 4. Nxd4 Nf6 5. Nc3 a6 6. Be2 e5 7. Nf3 Be7 8. Bg5 Nbd7 9. a4 Qb6 10. a5 Qc6 11. Nd2 h6 12. Be3 Nc5 13. Bxc5 Qxc5 14. Nc4 Be6 15. Nb6 Rb8 16. O-O Bd8 17. Nbd5 O-O 18. Nxf6+ Bxf6 19. Bg4 Bd8 20. Bxe6 fxe6 21. Na4 Qc6 22. b4 Be7 23. Qe2 Rf4 24. Rfe1 Rbf8 25. f3 Qe8 26. Nb2 Qg6 27. Rf1 R4f7 28. Rad1 Rc8 29. c4 Bf8 30. Na4 h5 31. Rb1 h4 32. Nb6 1/2-1/2

[Event "WJCC U20 Open 2019"]
[Site "New Delhi"]
[Date "2019.10.22"]
[Round "8.37"]
[White "Doluweera, Minul Sanjula"]
[Black "O`Donnell, Conor"]
[Result "1-0"]
[ECO "D40"]
[WhiteElo "2191"]
[BlackElo "2345"]
[Annotator "RC"]
[PlyCount "59"]
[EventDate "2019.10.15"]
[EventType "swiss"]
[EventCountry "IND"]
[SourceTitle "playchess.com"]
[Source "ChessBase"]
[SourceQuality "1"]
[TimeControl "40/5400+30:1800+30"]

1. d4 Nf6 2. c4 e6 3. Nf3 d5 4. Nc3 c5 5. e3 cxd4 6. exd4 Bb4 7. cxd5 Nxd5 8. Bd2 O-O 9. Bd3 Nc6 10. O-O Be7 11. a3 Bf6 12. Ne4 Nxd4 13. Nxf6+ Nxf6 14. Bb4 Nxf3+ 15. Qxf3 Re8 16. Rad1 Qb6 17. Bc3 Nd5 18. Bxh7+ Kxh7 19. Qxf7 Re7 20. Qf8 Qc7 21. Rd4 Rf7 22. Rh4+ Kg6 23. Qh8 Nxc3 24. Rg4+ Kf6 25. Qh4+ Ke5 26. bxc3 Qxc3 27. Rd1 Qc2 28. Rg5+ Kf6 29. Rc5+ g5 30. Qxg5# 1-0

[Event "WJCC U20 Open 2019"]
[Site "New Delhi"]
[Date "2019.10.22"]
[Round "8.39"]
[White "Risting, Eivind Olav"]
[Black "Vatsal Singhania"]
[Result "1-0"]
[ECO "E46"]
[WhiteElo "2289"]
[BlackElo "2157"]
[Annotator "RC"]
[PlyCount "90"]
[EventDate "2019.10.15"]
[EventType "swiss"]
[EventCountry "IND"]
[SourceTitle "playchess.com"]
[Source "ChessBase"]
[SourceQuality "1"]
[TimeControl "40/5400+30:1800+30"]

1. d4 Nf6 2. c4 e6 3. Nc3 Bb4 4. e3 O-O 5. Bd2 d5 6. cxd5 exd5 7. Bd3 Re8 8. Nf3 c6 9. Qc2 Nbd7 10. a3 Bd6 11. h3 Nf8 12. O-O Bd7 13. Rfe1 Qc8 14. e4 dxe4 15. Nxe4 Nxe4 16. Bxe4 Ng6 17. Ng5 Qc7 18. Qb3 Rf8 19. Qf3 h6 20. Bxg6 hxg5 21. Bd3 g4 22. hxg4 Rfe8 23. g5 Rxe1+ 24. Rxe1 Re8 25. Rxe8+ Bxe8 26. Qe4 Kf8 27. Qh7 g6 28. Bc3 a6 29. d5 Be5 30. dxc6 Bxc3 31. bxc3 Qxc6 32. Qh8+ Ke7 33. Qe5+ Qe6 34. Qd4 Qd6 35. Qxd6+ Kxd6 36. f4 Kc5 37. Kf2 Bb5 38. Bb1 Bc4 39. g4 b5 40. Ke3 Bd5 41. f5 Kc4 42. fxg6 fxg6 43. Bxg6 Bg8 44. Be8 Be6 45. g6 Kd5 {Ke4+} 1-0

[Event "WJCC U20 Open 2019"]
[Site "New Delhi"]
[Date "2019.10.22"]
[Round "8.43"]
[White "Hamad Essam"]
[Black "Maltezeanu, Stefan"]
[Result "1/2-1/2"]
[ECO "B40"]
[WhiteElo "1849"]
[BlackElo "2102"]
[Annotator "ChessBase"]
[PlyCount "86"]
[EventDate "2019.10.15"]
[EventType "swiss"]
[EventCountry "IND"]
[SourceTitle "playchess.com"]
[Source "ChessBase"]
[SourceQuality "1"]
[TimeControl "40/5400+30:1800+30"]

1. e4 c5 2. Nf3 e6 3. d4 cxd4 4. Nxd4 Nf6 5. Nc3 Bb4 6. Bd3 Nc6 7. Be3 d5 8. Nxc6 bxc6 9. exd5 cxd5 10. O-O O-O 11. Bd4 Re8 12. f4 a5 13. Qe2 Qe7 14. Kh1 Bb7 15. Rf3 Bc5 16. Be5 d4 17. Ne4 Nxe4 18. Bxe4 f6 19. Rh3 h6 20. Bxf6 gxf6 21. Qg4+ Qg7 22. Qxg7+ Kxg7 23. Bxb7 Rab8 24. Bc6 Re7 25. b3 Bd6 26. Rf1 Rc8 27. Be4 Rc3 28. Rxc3 dxc3 29. Rf3 f5 30. Bc6 Rc7 31. Bb5 Bb4 32. Kg1 Kf6 33. Kf1 Rc5 34. Bc4 e5 35. fxe5+ Rxe5 36. Bd3 Kg5 37. Rg3+ Kf6 38. Rf3 Kg5 39. Rg3+ Kf6 40. Rg8 Rd5 41. h4 Bc5 42. Rc8 Ke7 43. Ke2 Kd7 1/2-1/2

[Event "WJCC U20 Open 2019"]
[Site "New Delhi"]
[Date "2019.10.22"]
[Round "8.44"]
[White "Swarnavo Choudhury"]
[Black "Mohd Saprin, Amir Ghaazi"]
[Result "0-1"]
[ECO "C78"]
[WhiteElo "1797"]
[BlackElo "1942"]
[Annotator "NA"]
[PlyCount "136"]
[EventDate "2019.10.15"]
[EventType "swiss"]
[EventCountry "IND"]
[SourceTitle "playchess.com"]
[Source "ChessBase"]
[SourceQuality "1"]
[TimeControl "40/5400+30:1800+30"]

1. e4 e5 2. Nf3 Nc6 3. Bb5 a6 4. Ba4 Nf6 5. O-O b5 6. Bb3 Bc5 7. a4 Rb8 8. axb5 axb5 9. Nxe5 Nxe5 10. d4 Bxd4 11. Qxd4 d6 12. f4 c5 13. Qc3 b4 14. Qe1 Ng6 15. e5 dxe5 16. fxe5 Nd5 17. Qe4 Be6 18. Rd1 c4 19. Bxc4 Qb6+ 20. Kh1 Nc7 21. Be3 Qb7 22. Qxb7 Rxb7 23. Bxe6 Nxe6 24. Ra8+ Ke7 25. Ra5 Rc8 26. c3 bxc3 27. bxc3 Rc4 28. Rad5 Re4 29. Bd4 Re2 30. Ra5 Nh4 31. Ra7 Rxa7 32. Bxa7 Rxg2 33. Rf1 Re2 34. Bd4 Ng5 35. Bf2 Nhf3 36. Kg2 Ke6 37. h4 Nxh4+ 38. Kh1 Nf5 39. Na3 Ne4 40. Kg1 Nxc3 41. Nc4 Re4 42. Nd2 Rg4+ 43. Kh2 Ne4 44. Nf3 Nxf2 45. Rxf2 Nd4 46. Kh3 h5 47. Nd2 Nc6 48. Nf3 Nxe5 49. Nxe5 Kxe5 50. Rxf7 g6 51. Rg7 Kf6 52. Ra7 Kg5 53. Ra5+ Kh6 54. Ra6 Rb4 55. Kg3 h4+ 56. Kh3 Kh5 57. Ra3 g5 58. Ra2 Rb3+ 59. Kg2 h3+ 60. Kh2 Kh4 61. Ra1 g4 62. Kh1 Rb2 63. Rc1 Rf2 64. Ra1 Rf4 65. Kg1 Rb4 66. Rc1 g3 67. Kh1 h2 68. Rc8 Rb1+ 0-1

[Event "WJCC U20 Open 2019"]
[Site "New Delhi"]
[Date "2019.10.22"]
[Round "8.45"]
[White "Sivathanujan, S."]
[Black "Davis, Holden"]
[Result "1-0"]
[ECO "C06"]
[WhiteElo "1766"]
[BlackElo "1817"]
[Annotator "NA RC"]
[PlyCount "48"]
[EventDate "2019.10.15"]
[EventType "swiss"]
[EventCountry "IND"]
[SourceTitle "playchess.com"]
[Source "ChessBase"]
[SourceQuality "1"]
[TimeControl "40/5400+30:1800+30"]

1. e4 e6 2. d4 d5 3. Nd2 Nf6 4. e5 Nfd7 5. Bd3 c5 6. c3 Nc6 7. Ne2 cxd4 8. cxd4 f6 9. Nf4 Nxd4 10. Qh5+ Ke7 11. Ng6+ hxg6 12. exf6+ Nxf6 13. Qxh8 Kf7 14. Qh4 e5 15. O-O e4 16. Bxe4 dxe4 17. Nxe4 Ne2+ 18. Kh1 Nxc1 19. Ng5+ Kg8 20. Raxc1 Qd5 21. Rfd1 Qb5 22. Rd8 b6 23. a4 Qe2 24. Qb4 Nd7 1-0

[Event "WJCC U20 Open 2019"]
[Site "New Delhi"]
[Date "2019.10.23"]
[Round "9.24"]
[White "Parkhov, Yair"]
[Black "Bharath Subramaniyam H"]
[Result "1-0"]
[ECO "A72"]
[WhiteElo "2350"]
[BlackElo "2417"]
[Annotator "ChessBase"]
[PlyCount "39"]
[EventDate "2019.10.15"]
[EventType "swiss"]
[EventCountry "IND"]
[SourceTitle "playchess.com"]
[Source "ChessBase"]
[SourceQuality "1"]
[TimeControl "40/5400+30:1800+30"]

1. d4 Nf6 2. c4 e6 3. Nf3 c5 4. d5 exd5 5. cxd5 d6 6. Nc3 g6 7. e4 Bg7 8. Be2 O-O 9. Be3 a6 10. a4 Re8 11. Nd2 Nbd7 12. O-O Rb8 13. Qc2 h6 14. Rab1 Ne5 15. Bf4 Qc7 16. b4 cxb4 17. Rb2 b3 18. Rxb3 Bd7 19. Rb4 Nfg4 20. Rc1 1-0

[Event "WJCC U20 Open 2019"]
[Site "New Delhi"]
[Date "2019.10.23"]
[Round "9.25"]
[White "Sammed Jaykumar, Shete"]
[Black "Garidmagnai, Byambasuren"]
[Result "0-1"]
[ECO "C07"]
[WhiteElo "2392"]
[BlackElo "2327"]
[Annotator "ChessBase"]
[PlyCount "46"]
[EventDate "2019.10.15"]
[EventType "swiss"]
[EventCountry "IND"]
[SourceTitle "playchess.com"]
[Source "ChessBase"]
[SourceQuality "1"]
[TimeControl "40/5400+30:1800+30"]

1. e4 e6 2. d4 d5 3. Nd2 c5 4. Ngf3 cxd4 5. exd5 Qxd5 6. Bc4 Qd6 7. O-O Nf6 8. Nb3 a6 9. a4 Qc7 10. Qxd4 Nc6 11. Qh4 Ne7 12. Bd3 Ned5 13. c4 Nb4 14. Bf4 Bd6 15. Bxd6 Qxd6 16. c5 Qxd3 17. Qxb4 Nd5 18. Qa3 O-O 19. Rad1 Qg6 20. Ne5 Qg5 21. Rfe1 Nf4 22. g3 f6 23. Nf3 Qh5 0-1

[Event "WJCC U20 Open 2019"]
[Site "New Delhi"]
[Date "2019.10.23"]
[Round "9.26"]
[White "Anuj Shrivatri"]
[Black "Raahul V S"]
[Result "0-1"]
[ECO "A05"]
[WhiteElo "2390"]
[BlackElo "2262"]
[Annotator "ChessBase"]
[PlyCount "28"]
[EventDate "2019.10.15"]
[EventType "swiss"]
[EventCountry "IND"]
[SourceTitle "playchess.com"]
[Source "ChessBase"]
[SourceQuality "1"]
[TimeControl "40/5400+30:1800+30"]

1. Nf3 Nf6 2. c4 e6 3. g3 d5 4. d4 c6 5. Bg2 dxc4 6. O-O b5 7. b3 cxb3 8. axb3 Bb7 9. Ne5 Qb6 10. Nc3 Bb4 11. Qd3 O-O 12. Ne4 Nxe4 13. Bxe4 f5 14. Bf3 c5 0-1

[Event "WJCC U20 Open 2019"]
[Site "New Delhi"]
[Date "2019.10.23"]
[Round "9.27"]
[White "Tifferet, Shaked"]
[Black "Rajdeep Sarkar"]
[Result "0-1"]
[ECO "B10"]
[WhiteElo "2224"]
[BlackElo "2384"]
[Annotator "ChessBase"]
[PlyCount "96"]
[EventDate "2019.10.15"]
[EventType "swiss"]
[EventCountry "IND"]
[SourceTitle "playchess.com"]
[Source "ChessBase"]
[SourceQuality "1"]
[TimeControl "40/5400+30:1800+30"]

1. e4 c6 2. Nc3 d5 3. Nf3 Nf6 4. e5 Ne4 5. Ne2 Qb6 6. d4 e6 7. Ng3 c5 8. Bd3 Nxg3 9. hxg3 cxd4 10. Ng5 Nc6 11. f4 Bd7 12. a3 Be7 13. Qg4 h6 14. Qh5 Bxg5 15. Qxg5 hxg5 16. Rxh8+ Ke7 17. Rxa8 gxf4 18. gxf4 f6 19. b4 a6 20. exf6+ gxf6 21. Bd2 e5 22. fxe5 fxe5 23. Bg5+ Kd6 24. Bh7 d3 25. O-O-O dxc2 26. Rh1 Qd4 27. Rh6+ Kc7 28. Bxc2 Qa1+ 29. Kd2 Qxa3 30. Rh7 Qxb4+ 31. Kc1 Qc3 32. Rg8 Nd4 33. Bd8+ Kc6 34. Rg6+ Kb5 35. Rb6+ Kc4 36. Rb2 Nxc2 37. Rxc2 Qxc2+ 38. Kxc2 Bf5+ 39. Kd2 Bxh7 40. Bf6 Kd4 41. Be7 Bf5 42. Bd6 Ke4 43. Kc3 d4+ 44. Kc4 Be6+ 45. Kb4 Kd5 46. Bc7 e4 47. Bf4 e3 48. Bh6 Ke4 0-1

[Event "WJCC U20 Open 2019"]
[Site "New Delhi"]
[Date "2019.10.23"]
[Round "9.30"]
[White "Hollan, Martin"]
[Black "Nitish Belurkar"]
[Result "*"]
[ECO "A18"]
[WhiteElo "2403"]
[BlackElo "2311"]
[Annotator "ChessBase"]
[PlyCount "41"]
[EventDate "2019.10.15"]
[EventType "swiss"]
[EventCountry "IND"]
[SourceTitle "playchess.com"]
[Source "ChessBase"]
[SourceQuality "1"]
[TimeControl "40/5400+30:1800+30"]

1. c4 Nf6 2. Nc3 e6 3. e4 d5 4. e5 d4 5. exf6 dxc3 6. bxc3 Qxf6 7. d4 Nc6 8. Nf3 e5 9. Bg5 Qg6 10. d5 Nb8 11. Bd3 Bf5 12. Qa4+ Nd7 13. Qxd7+ Bxd7 14. Bxg6 hxg6 15. Nxe5 Bf5 16. Be3 f6 17. Nf3 Bd3 18. Nd4 Bxc4 19. Ne6 Bd3 20. Nd4 Bc4 21. Ne6 *

[Event "WJCC U20 Open 2019"]
[Site "New Delhi"]
[Date "2019.10.23"]
[Round "9.32"]
[White "Eugene, Floryan"]
[Black "Wagh Suyog"]
[Result "0-1"]
[ECO "C50"]
[WhiteElo "2346"]
[BlackElo "2229"]
[Annotator "ChessBase"]
[PlyCount "76"]
[EventDate "2019.10.15"]
[EventType "swiss"]
[EventCountry "IND"]
[SourceTitle "playchess.com"]
[Source "ChessBase"]
[SourceQuality "1"]
[TimeControl "40/5400+30:1800+30"]

1. e4 e5 2. Nf3 Nc6 3. Bc4 Bc5 4. O-O Nf6 5. d3 d6 6. c3 a6 7. a4 Ba7 8. Re1 h6 9. Be3 Bxe3 10. Rxe3 O-O 11. Nbd2 Ne7 12. Nf1 Ng6 13. Ng3 c6 14. d4 Qc7 15. dxe5 dxe5 16. Rd3 Nf4 17. Rd2 Bg4 18. h3 Bxf3 19. Qxf3 g6 20. a5 Rad8 21. Rxd8 Rxd8 22. Nf1 Kg7 23. Kh2 Qe7 24. Ra4 Nd7 25. b4 b5 26. axb6 Nxb6 27. Rxa6 Nxc4 28. Rxc6 Rd3 29. Qg4 h5 30. Qc8 Nd6 31. Qa6 Qh4 32. Ng3 Nxe4 33. Rxg6+ fxg6 34. Qb7+ Kh6 35. Qxe4 Qf6 36. Qa8 Qd8 37. Qc6 Qd5 38. Nf5+ Kg5 0-1

[Event "WJCC U20 Open 2019"]
[Site "New Delhi"]
[Date "2019.10.23"]
[Round "9.33"]
[White "Neelash Saha"]
[Black "Donoso Diaz, Sebastian"]
[Result "0-1"]
[ECO "D20"]
[WhiteElo "2334"]
[BlackElo "2203"]
[Annotator "ChessBase"]
[PlyCount "156"]
[EventDate "2019.10.15"]
[EventType "swiss"]
[EventCountry "IND"]
[SourceTitle "playchess.com"]
[Source "ChessBase"]
[SourceQuality "1"]
[TimeControl "40/5400+30:1800+30"]

1. d4 d5 2. c4 dxc4 3. e4 e5 4. Nf3 exd4 5. Bxc4 Nc6 6. O-O Be6 7. Nbd2 Bd6 8. Qb3 Qd7 9. Qb4 b5 10. Qxb5 Rb8 11. Qa6 Nge7 12. a3 O-O 13. b4 Ng6 14. Bb2 Bh3 15. Rfc1 Bxg2 16. Kxg2 Nce5 17. Nxe5 Bxe5 18. Kf1 Rb6 19. Qxa7 Nf4 20. Ke1 Qg4 21. Bf1 d3 22. Nc4 Ng2+ 23. Kd2 Qf4+ 24. Kxd3 Bxb2 25. Nxb2 Qxf2 26. Qxc7 Rbb8 27. Nc4 Rfd8+ 28. Kc3 Nf4 29. Qc5 Qxh2 30. Qe3 Ne6 31. Rd1 Rdc8 32. Rd2 Qe5+ 33. Rd4 Ra8 34. a4 f5 35. Rad1 f4 36. Qf2 Rxa4 37. Kb3 Qb5 38. Na3 Rc3+ 39. Kxc3 Rxa3+ 40. Kb2 Qa4 41. Rd8+ Kf7 42. R8d7+ Ke8 43. Rd8+ Kf7 44. R8d7+ Kg6 45. Qg1+ Rg3 46. Qxg3+ fxg3 47. Kc3 Qa3+ 48. Kc4 g2 49. Bd3 Qa2+ 50. Kb5 Nf4 51. Bc4 Qf2 52. R1d6+ Kg5 53. Rxg7+ Ng6 54. Rd1 g1=Q 55. Rxg1+ Qxg1 56. Rxh7 Qd4 57. Bd5 Nf4 58. Rc7 Nd3 59. Rc4 Qa7 60. Rc3 Ne5 61. Rg3+ Kf6 62. Rg8 Nd7 63. Re8 Qb6+ 64. Kc4 Qa6+ 65. Kd4 Qa7+ 66. Kc3 Kg5 67. Re7 Qe3+ 68. Kc4 Qe2+ 69. Kd4 Qb2+ 70. Kc4 Ne5+ 71. Kc5 Qc3+ 72. Kd6 Qxb4+ 73. Ke6 Ng6 74. Rb7 Qa4 75. Kd6 Qa3+ 76. Ke6 Qa6+ 77. Kd7 Ne5+ 78. Kc7 Qf6 0-1

[Event "WJCC U20 Open 2019"]
[Site "New Delhi"]
[Date "2019.10.23"]
[Round "9.37"]
[White "Kukelko, Alexey"]
[Black "Licheli, Luka"]
[Result "0-1"]
[ECO "B12"]
[WhiteElo "2342"]
[BlackElo "2010"]
[Annotator "RC"]
[PlyCount "134"]
[EventDate "2019.10.15"]
[EventType "swiss"]
[EventCountry "IND"]
[SourceTitle "playchess.com"]
[Source "ChessBase"]
[SourceQuality "1"]
[TimeControl "40/5400+30:1800+30"]

1. e4 c6 2. d4 d5 3. e5 c5 4. dxc5 Nc6 5. a3 Nxe5 6. Bb5+ Nc6 7. b4 Nf6 8. Bb2 g6 9. c4 Be6 10. Nf3 a6 11. Ba4 dxc4 12. Nbd2 Bh6 13. Qe2 Qd3 14. Qxd3 cxd3 15. Bxf6 exf6 16. Ne4 O-O-O 17. O-O Kc7 18. Rfe1 Ne5 19. Nd6 Nxf3+ 20. gxf3 b5 21. Bd1 Bd2 22. Re4 f5 23. Rxe6 fxe6 24. Nf7 Rhf8 25. Nxd8 Rxd8 26. Rb1 Rd4 27. Bb3 e5 28. Bg8 Rd7 29. Kg2 Bc3 30. Bb3 Kc6 31. Bd1 Rd4 32. Bb3 a5 33. bxa5 Bxa5 34. Bg8 d2 35. Rd1 Rd7 36. Kf1 Kxc5 37. Ke2 Bc3 38. Rb1 Rg7 39. Rb3 Ba5 40. Be6 Re7 41. Bg8 h6 42. Re3 h5 43. Bb3 Kb6 44. h4 Rd7 45. Rd3 Rxd3 46. Kxd3 Kc5 47. Kc2 Bd8 48. Bf7 g5 49. Kxd2 gxh4 50. Ke2 Be7 51. Bxh5 f4 52. Be8 Kb6 53. a4 b4 54. Bd7 b3 55. Kd3 Bb4 56. Be6 Kc5 57. Bf5 Be1 58. Ke2 Ba5 59. Kd1 Kb4 60. Kc1 Kxa4 61. Kb2 Bb6 62. Be6 Kb4 63. Bf5 Bxf2 64. Be6 Bd4+ 65. Kc1 Kc3 66. Bf5 b2+ 67. Kb1 Kd2 0-1

[Event "WJCC U20 Open 2019"]
[Site "New Delhi"]
[Date "2019.10.23"]
[Round "9.39"]
[White "Aravena Navarro, Alexis Andres"]
[Black "Rakesh Kumar Jena"]
[Result "0-1"]
[ECO "B40"]
[WhiteElo "2023"]
[BlackElo "2355"]
[Annotator "ChessBase"]
[PlyCount "102"]
[EventDate "2019.10.15"]
[EventType "swiss"]
[EventCountry "IND"]
[SourceTitle "playchess.com"]
[Source "ChessBase"]
[SourceQuality "1"]
[TimeControl "40/5400+30:1800+30"]

1. e4 c5 2. Nf3 e6 3. d4 cxd4 4. Nxd4 Nf6 5. Nc3 Nc6 6. g3 Bb4 7. Bg2 O-O 8. O-O a6 9. Nxc6 dxc6 10. Qf3 e5 11. h3 Be6 12. Bg5 h6 13. Rad1 Qe7 14. Bc1 Rad8 15. a3 Bc5 16. Rxd8 Rxd8 17. Nd1 Nh7 18. Ne3 g6 19. Ng4 Ng5 20. Qe2 h5 21. Nxe5 Bxh3 22. Nxf7 Qxf7 23. Bxg5 Bg4 24. Qxg4 hxg4 25. Bxd8 Qc4 26. c3 Qb3 27. e5 Qxb2 28. e6 Qe2 29. e7 Bxa3 30. Bb6 Bxe7 31. Be3 a5 32. Rb1 Qa6 33. Rb6 Qa8 34. Bf1 Bd8 35. Bc4+ Kh7 36. Rb1 b5 37. Be6 Bf6 38. Rd1 Qe8 39. Rd7+ Kh8 40. Bxg4 Qe4 41. Bh3 a4 42. Rd6 a3 43. Rxf6 a2 44. Bg2 a1=Q+ 45. Kh2 Qe5 46. Bd4 Qh5+ 47. Bh3 Kg8 48. g4 Qg5 49. Kg3 Qg1+ 50. Bg2 c5 51. f4 Qxg2+ 0-1

[Event "WJCC U20 Open 2019"]
[Site "New Delhi"]
[Date "2019.10.23"]
[Round "9.40"]
[White "O`Donnell, Conor"]
[Black "Lama, Milan"]
[Result "1-0"]
[ECO "B38"]
[WhiteElo "2345"]
[BlackElo "1976"]
[Annotator "ChessBase"]
[PlyCount "103"]
[EventDate "2019.10.15"]
[EventType "swiss"]
[EventCountry "IND"]
[SourceTitle "playchess.com"]
[Source "ChessBase"]
[SourceQuality "1"]
[TimeControl "40/5400+30:1800+30"]

1. e4 c5 2. Nf3 g6 3. d4 cxd4 4. Nxd4 Bg7 5. c4 Nc6 6. Be3 Nf6 7. Nc3 d6 8. Be2 O-O 9. O-O Bd7 10. Nc2 a5 11. f4 a4 12. c5 dxc5 13. e5 Ne8 14. Bxc5 Nc7 15. Rc1 Be6 16. Bf3 Bc4 17. Rf2 Ne6 18. Qxd8 Rfxd8 19. Bb6 Rd7 20. Ne3 Bd3 21. Rd1 Ra6 22. Ned5 Nxf4 23. Nxf4 Rxb6 24. Bxc6 Rxc6 25. Rxd3 Rxd3 26. Nxd3 a3 27. Nd5 Re6 28. bxa3 Bxe5 29. Nxe5 Rxe5 30. Nc3 Rc5 31. Rc2 f5 32. Kf2 Kf7 33. Ke3 e5 34. Kd3 Ke6 35. Rb2 Rc7 36. Rb6+ Kf7 37. Nd5 Rd7 38. Kc4 Kg7 39. Kc5 Kh6 40. a4 Kg5 41. a5 f4 42. Rd6 Rf7 43. Re6 Kf5 44. Kd6 Ke4 45. Rxe5+ Kd4 46. Ke6 Rf8 47. Nf6 Ra8 48. Re4+ Kd3 49. Rxf4 Rxa5 50. Rf2 h6 51. Kf7 Rg5 52. Kg7 1-0

[Event "WJCC U20 Open 2019"]
[Site "New Delhi"]
[Date "2019.10.23"]
[Round "9.41"]
[White "Mohd Saprin, Amir Ghaazi"]
[Black "Flores Quillas, Diego Saul Rodri"]
[Result "0-1"]
[ECO "A37"]
[WhiteElo "1942"]
[BlackElo "2164"]
[Annotator "ChessBase"]
[PlyCount "110"]
[EventDate "2019.10.15"]
[EventType "swiss"]
[EventCountry "IND"]
[SourceTitle "playchess.com"]
[Source "ChessBase"]
[SourceQuality "1"]
[TimeControl "40/5400+30:1800+30"]

1. Nf3 c5 2. c4 Nc6 3. Nc3 g6 4. g3 Bg7 5. Bg2 e6 6. d3 Nge7 7. Bd2 O-O 8. Qc1 d5 9. O-O b6 10. Bh6 d4 11. Bxg7 Kxg7 12. Na4 Bd7 13. Qd1 Qc7 14. a3 a5 15. Rb1 e5 16. e3 Nf5 17. exd4 exd4 18. Ng5 Rae8 19. Nh3 Ne5 20. Nf4 Qd6 21. b3 Bc6 22. Nd5 Rb8 23. Re1 Rfe8 24. Be4 Bxd5 25. Bxd5 Re7 26. Bg2 Rbe8 27. Qd2 h5 28. Re4 h4 29. Rbe1 h3 30. Bh1 Qf6 31. Nb2 Nd6 32. f4 Nxe4 33. dxe4 Ng4 34. Nd3 Ne3 35. Nf2 Qe6 36. Qd3 a4 37. Nd1 Nxd1 38. Rxd1 axb3 39. Qxb3 b5 40. Qxb5 Qg4 41. Rd2 Rxe4 42. Bxe4 Rxe4 43. Qb1 Re2 44. Rxe2 Qxe2 45. Qf1 Qe3+ 46. Qf2 Qxa3 47. Qe2 Qa8 48. Qf1 Qe4 49. Qxh3 Qe3+ 50. Kf1 d3 51. Qg4 Qc1+ 52. Kg2 Qc2+ 53. Kh3 d2 54. Qe2 d1=Q 55. Qe5+ Kh7 0-1

[Event "WJCC U20 Open 2019"]
[Site "New Delhi"]
[Date "2019.10.23"]
[Round "9.42"]
[White "Vatsal Singhania"]
[Black "Hamad Essam"]
[Result "1-0"]
[ECO "B40"]
[WhiteElo "2157"]
[BlackElo "1849"]
[Annotator "RC"]
[PlyCount "77"]
[EventDate "2019.10.15"]
[EventType "swiss"]
[EventCountry "IND"]
[SourceTitle "playchess.com"]
[Source "ChessBase"]
[SourceQuality "1"]
[TimeControl "40/5400+30:1800+30"]

1. e4 c5 2. Nf3 e6 3. d4 cxd4 4. Nxd4 Nf6 5. Nc3 Nc6 6. Ndb5 Bb4 7. a3 Bxc3+ 8. Nxc3 d5 9. exd5 exd5 10. Bd3 d4 11. Ne2 O-O 12. O-O Qb6 13. Bg5 Ng4 14. Bf4 Rd8 15. b4 Be6 16. Ng3 Nce5 17. Bxe5 Nxe5 18. Bxh7+ Kxh7 19. Qh5+ Kg8 20. Qxe5 Rd5 21. Qe4 a5 22. bxa5 Rdxa5 23. Rad1 Rd8 24. Qh4 Rxa3 25. Rb1 Qa5 26. Rxb7 Ra1 27. Rb5 Rxf1+ 28. Nxf1 Qxb5 29. Qxd8+ Kh7 30. Qxd4 Qb1 31. Qd3+ g6 32. f3 Bf5 33. Qb3 Qxc2 34. Qxf7+ Kh6 35. Qf8+ Kh7 36. Qe7+ Kh6 37. g4 Bd3 38. h4 Qc5+ 39. Qxc5 1-0

[Event "WJCC U20 Open 2019"]
[Site "New Delhi"]
[Date "2019.10.23"]
[Round "9.43"]
[White "Maltezeanu, Stefan"]
[Black "Sivathanujan, S."]
[Result "1-0"]
[ECO "D43"]
[WhiteElo "2102"]
[BlackElo "1766"]
[Annotator "ChessBase"]
[PlyCount "100"]
[EventDate "2019.10.15"]
[EventType "swiss"]
[EventCountry "IND"]
[SourceTitle "playchess.com"]
[Source "ChessBase"]
[SourceQuality "1"]
[TimeControl "40/5400+30:1800+30"]

1. d4 d5 2. c4 c6 3. Nf3 Nf6 4. Nc3 e6 5. Bg5 Be7 6. e3 Nbd7 7. Bd3 dxc4 8. Bxc4 b5 9. Bd3 Bb7 10. O-O O-O 11. e4 h6 12. Bxf6 Bxf6 13. e5 Be7 14. Qe2 c5 15. Nxb5 a6 16. Nc3 cxd4 17. Nxd4 Nxe5 18. Qxe5 Bf6 19. Qe2 Qxd4 20. Rfd1 Qb6 21. Rab1 Rfd8 22. Ne4 Bd4 23. Ng3 Rd5 24. Be4 Re5 25. Qf3 Bxf2+ 26. Kh1 Bxe4 27. Nxe4 Qa7 28. Nxf2 Rf5 29. Rd7 Qxd7 30. Qxa8+ Kh7 31. Qe4 g6 32. Qe2 Qd4 33. Nh3 a5 34. Rf1 Rf4 35. Rf2 Rxf2 36. Qf1 f5 37. Qxf2 Qd7 38. Qe1 a4 39. Qe5 g5 40. Ng1 g4 41. h3 h5 42. Kh2 Kg6 43. Ne2 Kf7 44. Nf4 gxh3 45. Kxh3 h4 46. b4 axb3 47. axb3 Qc6 48. Qxe6+ Qxe6 49. Nxe6 Kxe6 50. Kxh4 Kd5 1-0

[Event "WJCC U20 Open 2019"]
[Site "New Delhi"]
[Date "2019.10.23"]
[Round "9.45"]
[White "Dahanayake, Isara Banidu"]
[Black "Swarnavo Choudhury"]
[Result "1/2-1/2"]
[ECO "B47"]
[WhiteElo "1771"]
[BlackElo "1797"]
[Annotator "NA"]
[PlyCount "99"]
[EventDate "2019.10.15"]
[EventType "swiss"]
[EventCountry "IND"]
[SourceTitle "playchess.com"]
[Source "ChessBase"]
[SourceQuality "1"]
[TimeControl "40/5400+30:1800+30"]

1. e4 c5 2. Nf3 e6 3. d4 cxd4 4. Nxd4 Nc6 5. Nc3 Qc7 6. f4 a6 7. Nxc6 bxc6 8. Bd3 Nf6 9. O-O d5 10. Qe2 Be7 11. Bd2 Rb8 12. b3 Bb7 13. Rae1 h5 14. e5 Ng4 15. Kh1 g6 16. Na4 a5 17. c4 c5 18. cxd5 Bxd5 19. Rc1 Qa7 20. Bb5+ Kf8 21. Nc3 Bb7 22. a4 Kg7 23. Nd1 Bd5 24. Rc3 Qa8 25. Ne3 Be4 26. Nc4 Rhd8 27. Be1 Rd4 28. h3 Nh6 29. Nd2 Nf5 30. Nf3 Rdd8 31. Bf2 h4 32. Rfc1 Nd4 33. Bxd4 cxd4 34. Rc7 d3 35. Qf2 Rbc8 36. Nd2 Bf5 37. R1c4 Rxc7 38. Rxc7 Bb4 39. Qxh4 Rf8 40. Qf2 Rh8 41. Kg1 Rc8 42. Rc4 Rh8 43. Bc6 Qb8 44. Bb5 Qa8 45. Bc6 Qb8 46. Bb5 Bxd2 47. Qxd2 Qb7 48. Qe3 Qd5 49. Qd2 Qa8 50. Kh2 1/2-1/2